 Dungeon Crawl Stone Soup version 0.32-a0-928-g1cae6b7ea0 (webtiles) character file.

Game seed: 8458627147547203226

304 Ofeo the Charlatan (level 6, -2/49 HPs)
             Began as a Coglin Artificer on Apr 13, 2024.
             Splashed by a jelly's acid (8 damage)
             ... on level 6 of the Dungeon.
             The game lasted 00:04:48 (3313 turns).

Ofeo the Charlatan (Coglin Artificer)               Turns: 3313, Time: 00:04:48

Health: -2/49      AC: -3    Str: 12    XL:     6   Next: 38%
Magic:  6/6        EV:  5    Int: 11    God:
Gold:   83         SH:  0    Dex: 16    Spells: 5/5 levels left

rFire   . . .        f - +0 war axe {Wilfried}
rCold   . . .        a - +1 short sword (freeze) {Nomusa}
rNeg    . . .        m - +0 chain mail
rPois   .            (no helmet)
rElec   .            (no cloak)
rCorr   .            (no gloves)
SInv    .            (no boots)
Will    .....        (amulet unavailable) Stlth
                     (ring unavailable)
HPRegen 0.28/turn    (ring unavailable)
MPRegen 0.10/turn    (no gizmo)

%: no passive effects
@: corroded, revved
A: off-hand wielding, slow wielding, warmup strikes, no jewellery
a: Invent Gizmo


You were on level 6 of the Dungeon.
You visited 2 branches of the dungeon, and saw 6 of its levels.

You collected 83 gold pieces.

Inventory:

Hand Weapons
 a - a +1 short sword of freezing (offhand) {Nomusa}
 f - a +0 war axe (weapon) {Wilfried}
 i - a +2 hand axe
 k - a +0 mace {Wilburh}
 n - a +0 short sword {Gabriela}
 t - a +0 rapier
Armour
 h - a +0 ring mail
 m - a +0 chain mail (worn)
Wands
 c - a wand of flame (15) (quivered)
 d - a wand of charming (15)
 e - a wand of iceblast (4) {@v4}
Scrolls
 b - a scroll of brand weapon {unknown}
 g - a scroll of revelation
 l - 2 scrolls of identify {unknown}
 q - a scroll of fog {unknown}
 s - a scroll of poison
Potions
 j - 4 potions of curing {unknown}
 o - a potion of degeneration {unknown}
 p - 2 potions of resistance {unknown}
 r - 3 potions of enlightenment {unknown}
 u - a potion of heal wounds {unknown}


   Skills:
 + Level 4.5 Fighting
 - Level 1.7 Armour
 - Level 0.8 Dodging
 - Level 0.7 Stealth
 - Level 7.0 Evocations


You had 5 spell levels left.
You didn't know any spells.
Your spell library contained the following spells:

 Spells                   Type           Power      Damage    Failure   Level
 Freeze                   Ice            0%         1d3       100%        1
 Sandblast                Erth           0%         2d4       100%        1
 Stone Arrow              Conj/Erth      0%         3d7       100%        3
 Brom's Barrelling Bould  Conj/Erth      0%         2d3       100%        4


Dungeon Overview and Level Annotations

Branches:
Dungeon (4/15)             Temple (1/1) D:4

Altars:
Sif Muna
Trog
Uskayaw
Lugonu


Innate Abilities, Weirdness & Mutations

You can wield a second weapon in your off-hand.
It takes a long time for you to wield or remove held weapons.
Your first few attacks do less damage.
You cannot equip rings or amulets.


Message History

You barely miss the quokka with your +1 short sword of freezing.
The quokka is almost dead.
You hit the quokka with your +0 war axe.
You kill the quokka!
You see here a quokka corpse.
You see here a +2 hand axe of distortion.
There is a stone staircase leading down here.
You see here a quokka corpse.
A malevolent force fills the Dungeon...
You fall into a shaft and drop 2 floors!
The shaft crumbles and collapses.
Health restored: 49 A jelly comes into view.
The jelly quivers.
You hit the jelly with your +0 war axe.
Your graspers burn!
The jelly is moderately wounded.
You completely miss the jelly with your +1 short sword of freezing.
The jelly hits you. The acid corrodes you!
You are splashed with acid!
You take 17 damage, and have 32/49 hp.
MASSIVE DAMAGE!!
You hit the jelly but do no damage. The acid corrodes you!
Your graspers burn!
The jelly is moderately wounded.
You barely miss the jelly with your +0 war axe.
The jelly hits you but does no damage.
You take 3 damage, and have 29/49 hp.
You are too injured to fight recklessly!
You hit the jelly but do no damage.
Your graspers burn!
The jelly is moderately wounded.
You hit the jelly but do no damage.
Your graspers burn!
The jelly hits you.
You are splashed with acid!
* * * LOW HITPOINT WARNING * * *
You take 15 damage, and have 14/49 hp.
MASSIVE DAMAGE!!
You hit the jelly but do no damage.
Your graspers burn!
* * * LOW HITPOINT WARNING * * *
The jelly is moderately wounded.
You hit the jelly but do no damage.
Your graspers burn!
* * * LOW HITPOINT WARNING * * *
The jelly hits you.
* * * LOW HITPOINT WARNING * * *
The acid corrodes you!
You are splashed with acid!
You die...

###############
#.............#
#.####..#####.#
#..# #.#
##..#####.#
#......$#.#
#..@###.#.#
.......J# #.#
#.......# #.#
####..... ..#
#.#.... #.(.###
##.## #.


You could see a jelly.

Vanquished Creatures
  A scorpion (Temple)
  A bombardier beetle (D:3)
  A hound (D:4)
  An orc priest (D:4)
  An iguana (D:3)
  A gnoll (D:3)
  4 adders
  A white imp (D:3)
  A dart slug (D:3)
  2 ribbon worms
  4 orcs
  6 ball pythons
  11 bats
  6 endoplasms
  A giant cockroach (D:4)
  4 goblins (D:1)
  8 hobgoblins
  2 jackals (D:4)
  4 quokkas
  A frilled lizard (D:1)
  4 kobolds
  4 rats
69 creatures vanquished.

Notes
Turn   | Place    | Note
-------+----------+-------------------------------------------
     0 | D:1      | Ofeo the Coglin Artificer began the quest for the Orb.
     0 | D:1      | Reached XP level 1. HP: 15/15 MP: 1/1
   101 | D:1      | Reached XP level 2. HP: 21/21 MP: 2/2
   598 | D:1      | Reached XP level 3. HP: 25/27 MP: 3/3
   990 | D:2      | Found a hide-covered altar of Uskayaw.
  1037 | D:2      | Reached skill level 5 in Evocations
  1599 | D:3      | Reached XP level 4. HP: 34/34 MP: 4/4
  1664 | D:3      | Found a shimmering blue altar of Sif Muna.
  1671 | D:3      | HP: 1/34 [gnoll/+2 hand axe (6)]
  1913 | D:3      | Got Sif Muna's Grimoire of the Snowflakes
  1918 | D:3      | Found a bloodstained altar of Trog.
  1991 | D:3      | Reached XP level 5. HP: 17/41 MP: 5/5
  2192 | D:3      | Reached skill level 6 in Evocations
  2901 | D:4      | Found a staircase to the Ecumenical Temple.
  2914 | Temple   | Entered the Ecumenical Temple
  2920 | Temple   | Reached XP level 6. HP: 30/48 MP: 6/6
  3178 | D:4      | Reached skill level 7 in Evocations
  3294 | D:4      | You fall into a shaft and drop 2 floors!
  3313 | D:6      | Splashed by a jelly's acid

Illustrated notes

Levels and vault maps discovered:
D:1:      orjb1_lava_funnel, layout_rooms, grunt_decor_arrowhead
D:2:      layout_loops_cross, basic_altar
D:3:      layout_loops_cross, nzn_overflow_gifts_of_might_and_magic
D:4:      layout_rooms, mainiacjoe_overflow_alcove_2, minmay_temple_entry_waves
D:6:      layout_loops_corners, mainiacjoe_overflow_brackets,
          nicolae_overflows_in_rows, uniq_edmund
Temple:   nicolae_temple_total_abyssal_victory

Skill      XL: |  1  2  3  4  5  6 |
---------------+-------------------+-----
Fighting       | 2 3 4 |  4.5
Evocations     | 5 6 7 |  7.0
Armour         | |  1.7
Dodging        | |  0.8
Stealth        | |  0.7

Action                     |  1- 3 |  4- 6 || total
---------------------------+-------+-------++-------
  Melee: Club              |    44 |       ||    44
         Dagger            |    54 |       ||    54
         Mace              |    41 |       ||    41
         Short sword       |    33 |    81 ||   114
         War axe           |     4 |    87 ||    91
  Evoke: Wand              |       |     1 ||     1
    Use: Scroll            |     3 |       ||     3
 Armour: Leather armour    |    23 |       ||    23
         Ring mail         |    24 |       ||    24
         Chain mail        |    38 |    95 ||   133
  Dodge: Dodged            |    47 |    26 ||    73

Table legend: (Time is in decaauts)
 A = Elapsed time spent in this place.
 B = Non-inter-level travel time spent in this place.
 C = Inter-level travel time spent in this place.
 D = Time resting spent in this place.
 E = Time spent auto-exploring this place.
 F = Levels seen in this place.
 G = Mean time per level.
                   A        B        C        D        E       F      G
               +--------+--------+--------+--------+--------+-----+--------+
         Total |   3352 |   3211 |    141 |    342 |   2258 |   6 |  558.7 |
       Dungeon |   3215 |   3082 |    133 |    253 |   2258 |   5 |  643.0 |
        Temple |    137 |    129 |      8 |     89 |      0 |   1 |  137.0 |
               +--------+--------+--------+--------+--------+-----+--------+

Top non-repeatable levels by time:
     D:3: 1252 daAuts
     D:2: 824 daAuts
     D:1: 780 daAuts
     D:4: 338 daAuts
  Temple: 137 daAuts
     D:6: 19 daAuts
